Map: Ley Lines

Players

Vaisravana

  • Race: Zerg Zerg
  • Spawn Location: 1:00

A.I. 1 (Very Easy) - Winner!

  • Race: Protoss Protoss
  • Spawn Location: 7:00

VOD

Have the link to the VOD?

Description

Time

  • Played on: May 9, 2025, 12:56 p.m.
  • Length: 8:08
Show
View Real Time Build Order
Export as new Build Order

Vaisravana Zerg 

Build Orders: Pool First 

Get SALT Encoding   

  12  0:02  Drone  
  13  0:12  Overlord  
  13  0:16  Drone  
  14  0:30  Drone x2  
  16  0:41  Spawning Pool  
  15  0:44  Drone  
  15  0:47  Drone  
  17  1:07  Hatchery  
  17  1:09  Drone  
  17  1:12  Extractor  
  16  1:27  Zergling x4  
  16  1:28  Zergling x2  
  19  1:33  Queen  
  19  1:39  Drone  
  22  1:54  Overlord  
  22  2:12  Queen, Metabolic Boost  
  22  2:13  Drone x2  
  26  2:19  Drone  
  27  2:23  Drone  
  27  2:29  Overlord  
  28  2:42  Queen  
  31  2:44  Drone  
  31  2:46  Drone  
  31  2:50  Drone  
  33  2:53  Drone  
  33  2:54  Drone  
  33  2:57  Drone  
  36  3:05  Lair  
  36  3:09  Drone  
  36  3:11  Drone  
  38  3:15  Drone  
  38  3:17  Drone x2  
  41  3:22  Overlord  
  41  3:26  Drone x2  
  43  3:28  Drone  
  44  3:36  Overlord  
  44  3:37  Overlord  
  44  3:46  Drone x5  
  49  3:53  Drone x2  
  49  3:54  Drone  
  52  3:56  Drone x2  
  52  3:57  Extractor x2  
  52  3:59  Drone x2  
  54  4:07  Spire  
  53  4:10  Extractor  
  53  4:12  Drone x2  
  53  4:15  Drone  
  55  4:23  Overlord  
  56  4:24  Drone x2  
  56  4:25  Zergling x2  
  56  4:29  Zergling x2  
  56  4:30  Zergling x4  
  61  4:33  Overseer  
  61  4:36  Overlord x2  
  61  4:45  Zergling x2  
  62  4:47  Hatchery  
  61  4:55  Zergling x2  
  61  4:56  Zergling x8  
  61  4:59  Zergling x2  
  67  5:00  Zergling x4  
  69  5:19  Mutalisk  
  69  5:20  Mutalisk x5  
  81  5:29  Zerg Flyer Weapons Level 1  
  81  5:41  Overlord x2  
  81  5:43  Zergling x10  
  86  5:55  Mutalisk  
  86  5:56  Mutalisk  
  90  5:57  Overlord x2  
  90  6:00  Zergling x2  
  90  6:01  Zergling x6  
  94  6:24  Zergling x14  
  101  6:37  Zergling x2  
  101  6:38  Zergling x14  
  109  6:45  Overlord  
  109  7:05  Mutalisk x8  
  125  7:08  Drone  
  125  7:09  Drone x2  
  125  7:14  Drone  
  129  7:18  Drone  
  129  7:19  Drone  
  129  7:22  Drone x2  
  133  7:23  Drone  
  133  7:27  Drone x2  
  137  7:30  Drone  
  137  7:34  Overlord x4  
  137  7:35  Overlord x2  
  137  7:36  Overseer  
  137  7:40  Drone  
Show
View Real Time Build Order
Export as new Build Order

A.I. 1 (Very Easy) Protoss - Winner!

Build Orders:  

Get SALT Encoding   

  12  0:00  Probe  
  13  0:13  Probe  
  14  0:19  Pylon  
  14  0:36  Assimilator  
  14  0:43  Gateway  
  14  0:46  Pylon  
  14  1:13  Assimilator  
  14  1:23  Probe  
  14  1:24  Zealot  
  14  1:31  Probe  
  17  1:33  Cybernetics Core  
  18  1:41  Probe  
  19  1:53  Probe  
  20  2:01  Probe  
  21  2:09  Warp Gate  
  21  2:10  Probe  
  22  2:42  Stalker  
  24  6:12  Probe  
  24  6:38  Probe  
  24  6:46  Probe  
  24  6:48  Stalker  
  24  6:50  Pylon  
  20  6:56  Probe  
  10  7:08  Probe  
  9  7:16  Zealot  
  9  7:19  Probe  
  9  7:21  Robotics Facility  
  12  7:27  Probe  
  12  7:31  Nexus  
  12  7:35  Probe  
  14  7:45  Stalker  
  14  7:46  Probe  
Tags
 
Matchup
PvZ
Opening
Pool First
Spawn Locations
Cross Positions
Add a new tag
Caveats
  • Supply blocks, unpowered buildings, or Contaminate may cause inaccurate times.
  • Supply counts are checked every 10 seconds.